3AA
YAKIMA HOPS @ ATLANTIC CITY SONICS
09/11/2020
 
TOP OF THE 1ST
Yakima Hops batting - Pitching for Atlantic City Sonics : LHP Carlos Sánchez
Pitching: LHP Carlos Sánchez
Batting: SHB Carlos Sánchez 0-0: Ball
1-0: Ground out 6-3 (Groundball, 56)
Batting: RHB Rafael Durango 0-0: Ball
1-0: Called Strike
1-1: Ball
2-1: Foul Ball, location: 2F
2-2: Ground out 5-3 (Groundball, 5S)
Batting: LHB Randy Daugherty 0-0: Called Strike
0-1: Swinging Strike
0-2: Ball
1-2: Ground out 4-3 (Groundball, 4)
Top of the 1st over - 0 run(s), 0 hit(s), 0 error(s), 0 left on base; Yakima 0 - Atlantic City 0
BOTTOM OF THE 1ST
Atlantic City Sonics batting - Pitching for Yakima Hops : RHP Louis McDowell
Pitching: RHP Louis McDowell
Batting: RHB Josh Stafford 0-0: Foul Ball, location: 2F
0-1: Foul Ball, location: 2F
0-2: Ball
1-2: Ball
2-2: Reached on error, E5 (Groundball, 56S)
Batting: RHB César Ramírez 0-0: Ball
1-0: Ball
2-0: Called Strike
2-1: Fly out, F3 (Popup, 3F)
Batting: SHB Jesús Cabañe 0-0: SINGLE (Line Drive, 9S)
Josh Stafford to second
Batting: LHB Neal Hart 0-0: Ball
1-0: Called Strike
1-1: Ball
2-1: Called Strike
2-2: SINGLE (Groundball, 56D)
Josh Stafford to third
Jesús Cabañe to second
Batting: LHB Pedro López 0-0: Called Strike
0-1: Swinging Strike
0-2: Foul Ball, location: 2F
0-2: Fly out, F9 (Line Drive, 9LM)
Runner from 3rd tags up, SCORES, no throw
Batting: LHB Kip Burks 0-0: Ball
1-0: Swinging Strike
1-1: Swinging Strike
1-2: Strikes out swinging
Bottom of the 1st over - 1 run(s), 2 hit(s), 1 error(s), 2 left on base; Yakima 0 - Atlantic City 1
TOP OF THE 2ND
Yakima Hops batting - Pitching for Atlantic City Sonics : LHP Carlos Sánchez
Batting: RHB Manuel Rodríguez 0-0: Swinging Strike
0-1: Ball
1-1: Foul Ball, location: 2F
1-2: Ball
2-2: Strikes out looking
Batting: RHB Jim Allen 0-0: Called Strike
0-1: SINGLE (Line Drive, 7S)
Batting: RHB Sergio García 0-0: Grounds into double play, 6-4-3 (Groundball, 6)
Top of the 2nd over - 0 run(s), 1 hit(s), 0 error(s), 0 left on base; Yakima 0 - Atlantic City 1
BOTTOM OF THE 2ND
Atlantic City Sonics batting - Pitching for Yakima Hops : RHP Louis McDowell
Batting: RHB John Terry 0-0: Called Strike
0-1: Ball
1-1: Foul Ball, location: 2F
1-2: Foul Ball, location: 2F
1-2: Strikes out swinging
Batting: RHB Luis Garza 0-0: Ball
1-0: Called Strike
1-1: Ball
2-1: Foul Ball, location: 2F
2-2: Ground out 4-3 (Groundball, 4MD)
Batting: RHB Leonard Jones 0-0: Fly out, F7 (Flyball, 78M)
Bottom of the 2nd over - 0 run(s), 0 hit(s), 0 error(s), 0 left on base; Yakima 0 - Atlantic City 1
TOP OF THE 3RD
Yakima Hops batting - Pitching for Atlantic City Sonics : LHP Carlos Sánchez
Batting: RHB Cal Jackson 0-0: Called Strike
0-1: Swinging Strike
0-2: Ball
1-2: Foul Ball, location: 2F
1-2: Strikes out swinging
Batting: RHB William Gaines 0-0: SINGLE (Groundball, 15S) (infield hit)
Batting: RHB Michael Martin 0-0: Ball
1-0: Ball
2-0: Fly out, F9 (Flyball, 89M)
Batting: SHB Carlos Sánchez 0-0: Ball
1-0: Called Strike
1-1: Foul Ball, location: 2F
1-2: Foul Ball, location: 2F
1-2: Fly out, F7 (Flyball, 7LD)
Top of the 3rd over - 0 run(s), 1 hit(s), 0 error(s), 1 left on base; Yakima 0 - Atlantic City 1
BOTTOM OF THE 3RD
Atlantic City Sonics batting - Pitching for Yakima Hops : RHP Louis McDowell
Batting: RHB Josh Stafford 0-0: Fly out, F8 (Flyball, 8RM)
Batting: RHB César Ramírez 0-0: Ball
1-0: SINGLE (Groundball, 34D)
Batting: SHB Jesús Cabañe 0-0: Ball
1-0: Ball
2-0: Foul Ball, location: 2F
2-1: Swinging Strike
2-2: Foul Ball, location: 2F
2-2: Strikes out looking
Batting: LHB Neal Hart 0-0: Called Strike
0-1: Ball
1-1: SINGLE (Groundball, 6MD)
César Ramírez to second
Batting: LHB Pedro López 0-0: Called Strike
0-1: Ball
1-1: Ball
2-1: Ball
3-1: Foul Ball, location: 2F
3-2: SINGLE (Groundball, 4MD)
César Ramírez to third
Neal Hart to second
César Ramírez scores
Neal Hart to third
Batting: LHB Kip Burks 0-0: Called Strike
0-1: Ball
1-1: Called Strike
1-2: Foul Ball, location: 2F
1-2: Foul Ball, location: 2F
1-2: Strikes out swinging
Bottom of the 3rd over - 1 run(s), 3 hit(s), 0 error(s), 2 left on base; Yakima 0 - Atlantic City 2
TOP OF THE 4TH
Yakima Hops batting - Pitching for Atlantic City Sonics : LHP Carlos Sánchez
Batting: RHB Rafael Durango 0-0: Ball
1-0: Ball
2-0: Foul Ball, location: 2F
2-1: Reached on error, E5 (Groundball, 56S)
Batting: LHB Randy Daugherty 0-0: Ball
1-0: Called Strike
Rafael Durango is caught stealing 3rd base
1-1: Foul Ball, location: 2F
1-2: Foul Ball, location: 2F
1-2: Foul Ball, location: 2F
1-2: Foul Ball, location: 2F
1-2: SINGLE (Groundball, 4S)
Batting: RHB Manuel Rodríguez 0-0: SINGLE (Groundball, 6MD)
Randy Daugherty to second
Batting: RHB Jim Allen 0-0: Called Strike
0-1: Ball
1-1: Foul Ball, location: 2F
1-2: Ball
2-2: Foul Ball, location: 2F
2-2: Foul Ball, location: 2F
2-2: Ball
3-2: Grounds into double play, 1-6-3 (Groundball, 13)
Top of the 4th over - 0 run(s), 2 hit(s), 1 error(s), 1 left on base; Yakima 0 - Atlantic City 2
BOTTOM OF THE 4TH
Atlantic City Sonics batting - Pitching for Yakima Hops : RHP Louis McDowell
Batting: RHB John Terry 0-0: Called Strike
0-1: Ball
1-1: Foul Ball, location: 2F
1-2: Foul Ball, location: 2F
1-2: Ball
2-2: Fly out, F9 (Line Drive, 9S)
Batting: RHB Luis Garza 0-0: Ball
1-0: Ball
2-0: Swinging Strike
2-1: Ball
3-1: Ball
Batting: RHB Leonard Jones 0-0: Foul Ball, location: 2F
0-1: Ball
1-1: Ball
2-1: Called Strike
2-2: SINGLE (Line Drive, 4MD)
Luis Garza to second
Batting: RHB Josh Stafford 0-0: Ball
Luis Garza steals 3rd base
Leonard Jones to second
1-0: Ball
2-0: Foul Ball, location: 2F
2-1: Foul Ball, location: 2F
2-2: Fly out, F6 (Popup, 6D)
Batting: RHB César Ramírez 0-0: Fly out, F6 (Popup, 6MD)
Bottom of the 4th over - 0 run(s), 1 hit(s), 0 error(s), 2 left on base; Yakima 0 - Atlantic City 2
TOP OF THE 5TH
Yakima Hops batting - Pitching for Atlantic City Sonics : LHP Carlos Sánchez
Batting: RHB Sergio García 0-0: Ball
1-0: Ball
2-0: Ball
3-0: Base on Balls
Batting: RHB Cal Jackson 0-0: Ball
1-0: Sac Bunt - play at second, runner OUT! 3-6
Batting: RHB William Gaines 0-0: Ball
1-0: Ball
2-0: Ball
3-0: Base on Balls
Cal Jackson to second
Batting: RHB Michael Martin 0-0: Grounds into double play, U4-3 (Groundball, 4)
Top of the 5th over - 0 run(s), 0 hit(s), 0 error(s), 1 left on base; Yakima 0 - Atlantic City 2
BOTTOM OF THE 5TH
Atlantic City Sonics batting - Pitching for Yakima Hops : RHP Louis McDowell
Batting: SHB Jesús Cabañe 0-0: Ball
1-0: Ball
2-0: Ball
3-0: Base on Balls
Batting: LHB Neal Hart 0-0: Ball
1-0: Ball
2-0: Ball
3-0: Base on Balls
Jesús Cabañe to second
Batting: LHB Pedro López 0-0: Swinging Strike
0-1: Swinging Strike
0-2: Foul Ball, location: 2F
0-2: Strikes out swinging
Batting: LHB Kip Burks 0-0: Called Strike
0-1: Foul Ball, location: 2F
0-2: Ball
1-2: Ball
2-2: Fielders Choice at 2nd, 6-4 (Groundball, 6M)
Jesús Cabañe to third
Batting: RHB John Terry 0-0: Ball
1-0: Ball
2-0: Ball
3-0: Called Strike
3-1: Foul Ball, location: 2F
3-2: Fly out, F8 (Flyball, 8RM)
Bottom of the 5th over - 0 run(s), 0 hit(s), 0 error(s), 2 left on base; Yakima 0 - Atlantic City 2
TOP OF THE 6TH
Yakima Hops batting - Pitching for Atlantic City Sonics : LHP Carlos Sánchez
Batting: SHB Carlos Sánchez 0-0: Swinging Strike
0-1: Foul Ball, location: 2F
0-2: Ball
1-2: Ball
2-2: Foul Ball, location: 2F
2-2: Foul Ball, location: 2F
2-2: Strikes out swinging
Batting: RHB Rafael Durango 0-0: Called Strike
0-1: Ground out 6-3 (Groundball, 6M)
Batting: LHB Randy Daugherty 0-0: Foul Ball, location: 2F
0-1: Swinging Strike
0-2: Ball
1-2: Foul Ball, location: 2F
1-2: Foul Ball, location: 2F
1-2: Ball
2-2: Ball
3-2: SINGLE (Flyball, 8LS)
Batting: RHB Manuel Rodríguez 0-0: Ball
1-0: Ground out 4-3 (Groundball, 34)
Top of the 6th over - 0 run(s), 1 hit(s), 0 error(s), 1 left on base; Yakima 0 - Atlantic City 2
BOTTOM OF THE 6TH
Atlantic City Sonics batting - Pitching for Yakima Hops : RHP Louis McDowell
Batting: RHB Luis Garza 0-0: Ball
1-0: Called Strike
1-1: Swinging Strike
1-2: Ball
2-2: Ball
3-2: Strikes out swinging
Batting: RHB Leonard Jones 0-0: Swinging Strike
0-1: Foul Ball, location: 2F
0-2: Foul Ball, location: 2F
0-2: Ball
1-2: Foul Ball, location: 2F
1-2: Ball
2-2: Foul Ball, location: 2F
2-2: Strikes out looking
Batting: RHB Josh Stafford 0-0: Ball
1-0: Called Strike
1-1: Ball
2-1: Fly out, F9 (Line Drive, 9S)
Bottom of the 6th over - 0 run(s), 0 hit(s), 0 error(s), 0 left on base; Yakima 0 - Atlantic City 2
TOP OF THE 7TH
Yakima Hops batting - Pitching for Atlantic City Sonics : LHP Carlos Sánchez
Batting: RHB Jim Allen 0-0: Ball
1-0: Foul Ball, location: 2F
1-1: Ball
2-1: Foul Ball, location: 2F
2-2: Fly out, F4 (Popup, 3D)
Batting: RHB Sergio García 0-0: Ball
1-0: Ball
2-0: Foul Ball, location: 2F
2-1: Called Strike
2-2: SINGLE (Groundball, 4MD)
Batting: RHB Cal Jackson 0-0: Called Strike
0-1: Fly out, F7 (Flyball, 7S)
Batting: RHB William Gaines 0-0: Swinging Strike
0-1: Called Strike
0-2: Ball
1-2: Ball
2-2: Foul Ball, location: 2F
2-2: Foul Ball, location: 2F
2-2: Ground out 1-3 (Groundball, 15)
Top of the 7th over - 0 run(s), 1 hit(s), 0 error(s), 1 left on base; Yakima 0 - Atlantic City 2
BOTTOM OF THE 7TH
Atlantic City Sonics batting - Pitching for Yakima Hops : RHP Louis McDowell
Batting: RHB César Ramírez 0-0: Swinging Strike
0-1: Ball
1-1: Foul Ball, location: 2F
1-2: Ball
2-2: Foul Ball, location: 2F
2-2: Strikes out swinging
Batting: SHB Jesús Cabañe 0-0: Fly out, F7 (Flyball, 78M)
Batting: LHB Neal Hart 0-0: Foul Ball, location: 2F
0-1: Called Strike
0-2: Foul Ball, location: 2F
0-2: Ball
1-2: Strikes out swinging
Bottom of the 7th over - 0 run(s), 0 hit(s), 0 error(s), 0 left on base; Yakima 0 - Atlantic City 2
TOP OF THE 8TH
Yakima Hops batting - Pitching for Atlantic City Sonics : LHP Carlos Sánchez
Now at SS: Marty Hayden
Batting: RHB Michael Martin 0-0: Swinging Strike
0-1: Ball
1-1: Ball
2-1: Fly out, F7 (Flyball, 78S)
Batting: SHB Carlos Sánchez 0-0: Ball
1-0: Ball
2-0: Foul Ball, location: 2F
2-1: Ball
3-1: Fly out, F9 (Line Drive, 89M)
Batting: RHB Rafael Durango 0-0: Ball
1-0: Ball
2-0: Called Strike
2-1: Foul Ball, location: 2F
2-2: Ball
3-2: Strikes out swinging
Top of the 8th over - 0 run(s), 0 hit(s), 0 error(s), 0 left on base; Yakima 0 - Atlantic City 2
BOTTOM OF THE 8TH
Atlantic City Sonics batting - Pitching for Yakima Hops : RHP Louis McDowell
Pitching: LHP Francisco López
Batting: LHB Pedro López 0-0: Called Strike
0-1: Fly out, F7 (Flyball, 78M)
Batting: LHB Kip Burks 0-0: Ball
1-0: Called Strike
1-1: Fly out, F9 (Flyball, 9M)
Batting: RHB John Terry 0-0: Called Strike
0-1: Fly out, F9 (Flyball, 9M)
Bottom of the 8th over - 0 run(s), 0 hit(s), 0 error(s), 0 left on base; Yakima 0 - Atlantic City 2
TOP OF THE 9TH
Yakima Hops batting - Pitching for Atlantic City Sonics : LHP Carlos Sánchez
Batting: LHB Randy Daugherty 0-0: Ball
1-0: Foul Ball, location: 2F
1-1: Ground out 3-1 (Groundball, 34)
Batting: RHB Manuel Rodríguez 0-0: Called Strike
0-1: Foul Ball, location: 2F
0-2: Ball
1-2: Ball
2-2: Strikes out swinging
Batting: RHB Jim Allen 0-0: Foul Ball, location: 2F
0-1: Ball
1-1: Ground out 6-3 (Groundball, 6)
Top of the 9th over - 0 run(s), 0 hit(s), 0 error(s), 0 left on base; Yakima 0 - Atlantic City 2
This league is powered by Out of the Park Baseball, the baseball management simulation game for PC, Mac and Linux
Friday, October 23rd, 2015 - OOTP Baseball 16.9 Build 39